 Dungeon Crawl Stone Soup version 0.28-a0-479-g5baa6b73be (webtiles) character file.

Game seed: 15912418501106349245

36 Shayle the Skirmisher (level 3, -3/37 HPs)
             Began as an Ogre Warper on Sept 18, 2021.
             Slain by a gnoll (8 damage)
             ... on level 3 of the Dungeon.
             The game lasted 00:03:40 (1463 turns).

Shayle the Skirmisher (Ogre Warper)                 Turns: 1463, Time: 00:03:41

Health: -3/37      AC:  3    Str: 15    XL:     3   Next: 37%
Magic:  7/7        EV:  9    Int: 15    God:
Gold:   34         SH:  0    Dex:  8    Spells: 8/8 levels left

rFire   . . .      SeeInvis .   a - +0 spear
rCold   . . .      Faith    .   (no shield)
rNeg    . . .      Spirit   .   b - +0 robe
rPois   .          Reflect  .   (helmet restricted)
rElec   .          Harm     .   (no cloak)
rCorr   .          Rampage  .   (gloves unavailable)
Will    .....                   (boots unavailable)
Stlth   +.........              (no amulet)
HPRegen 0.12/turn               (no ring)
MPRegen 0.10/turn               (no ring)

@: no status effects
A: large, unfitting armour, tough skin 1
a: no special abilities


You were on level 3 of the Dungeon.
You visited 1 branch of the dungeon, and saw 3 of its levels.

You collected 34 gold pieces.

Inventory:

Hand Weapons
 a - a +0 spear (weapon)
Armour
 b - a +0 robe (worn)
Jewellery
 f - a ring of wizardry
Scrolls
 c - a scroll of blinking
Potions
 e - a potion of mutation {unknown}
 h - a potion of berserk rage


   Skills:
 + Level 3.6 Fighting
 + Level 2.6 Polearms
 - Level 1.0 Throwing
 - Level 2.1 Dodging
 + Level 3.1 Spellcasting
 - Level 2.6 Translocations


You had 8 spell levels left.
You didn't know any spells.
Your spell library contained the following spells:

 Spells                   Type           Power      Damage    Failure   Level
 Blink                    Tloc           N/A        N/A       10%         2
 Shock                    Conj/Air       8%         1d3       21%         1
 Gell's Gravitas          Tloc           5%         N/A       21%         3
 Lesser Beckoning         Tloc           10%        N/A       21%         3
 Teleport Other           Tloc           10%        N/A       21%         3
 Inner Flame              Hex/Fire       2%         N/A       52%         3
 Swiftness                Air            2%         N/A       52%         3
 Manifold Assault         Tloc           10%        N/A       88%         5
 Airstrike                Air            1%         N/A       89%         4
 Cause Fear               Hex            1%         N/A       89%         4
 Discord                  Hex            1%         N/A       100%        8


Dungeon Overview and Level Annotations

Branches:
Dungeon (3/15)

Altars:

Shops:
D:1 (


Innate Abilities, Weirdness & Mutations

You are too large for most types of armour.
You have tough skin. (AC +1)


Message History

The gnoll hits you with a +0 flail!
* * * LOW HITPOINT WARNING * * *
You hit the dart slug.
The dart slug is heavily wounded.
The gnoll barely misses you. The dart slug misses you.
You hit the dart slug but do no damage.
The dart slug is heavily wounded.
The gnoll barely misses you.
You barely miss the gnoll.
The gnoll is lightly wounded.
The dart slug launches a dart at you.
The slug dart hits you but does no damage.
The gnoll completely misses you.
Throw: 3 boomerangs (disperse)
Press: ? - help, Q - select action Shift-Dir - straight line, f - gnoll
Aim: a gnoll, wielding a +0 flail (lightly wounded, 58% to hit)
You throw a boomerang of dispersal.
The boomerang of dispersal hits the gnoll.
The gnoll blinks!
The gnoll is heavily wounded.
The dart slug bites you.
* * * LOW HITPOINT WARNING * * *
Throw: 2 boomerangs (disperse)
Press: ? - help, Q - select action Shift-Dir - straight line, f/p - gnoll
Aim: a gnoll, wielding a +0 flail (heavily wounded, 58% to hit)
You throw a boomerang of dispersal.
The boomerang of dispersal hits the gnoll but does no damage.
The gnoll is heavily wounded.
The gnoll closely misses you. The dart slug launches a dart at you.
The slug dart misses you.
The slug dart hits the gnoll.
Throw: boomerang (disperse)
Press: ? - help, Q - select action Shift-Dir - straight line, f/p - gnoll
Aim: a gnoll, wielding a +0 flail (severely wounded, 58% to hit)
You throw a boomerang of dispersal.
The boomerang of dispersal barely misses the gnoll.
The gnoll hits you with a +0 flail.
* * * LOW HITPOINT WARNING * * *
The dart slug closely misses you. The gnoll hits you with a +0 flail!
You die...

..8.########...
.8..#..........
..#..........#
###............
#..............
...............
#......w§......
#......@.......
#......g......>
##.............
##.....#.....#
###.#########
#. #. #.


You could see a gnoll and a dart slug.

Vanquished Creatures
  A gnoll (D:2)
  A worm (D:2)
  2 dart slugs (D:1)
  An endoplasm (D:2)
  2 goblins (D:1)
  3 hobgoblins (D:1)
  A kobold (D:1)
  3 quokkas
  A ball python (D:2)
  2 bats (D:1)
  2 rats (D:1)
19 creatures vanquished.

Notes
Turn   | Place    | Note
-------+----------+-------------------------------------------
     0 | D:1      | Shayle the Ogre Warper began the quest for the Orb.
     0 | D:1      | Reached XP level 1. HP: 22/22 MP: 3/3
   166 | D:1      | Reached XP level 2. HP: 12/31 MP: 5/5
   435 | D:1      | Found Xajuwaug's Antique Weapon Boutique.
   817 | D:1      | You fall into a shaft and drop 1 floor!
   995 | D:2      | Reached XP level 3. HP: 24/37 MP: 7/7
  1463 | D:3      | Slain by a gnoll

Illustrated notes

Levels and vault maps discovered:
D:1:      dpeg_arrival_three_bigger_balls, layout_basic, serial_shops,
          nicolae_shop_crystal, st_stairs_10, roderic_lattice_a,
          minmay_distorted
D:2:      layout_basic, chequers_serial_rivers_room_a
D:3:      layout_rooms, vehumet_crystals, yredelemnul_forgotten_temple_becter,
          jmf_multi_god_temple2, serial_shops, nicolae_shop_waterfront,
          nicolae_shop_trees, shapermc_ecumenical_altar_venn

Skill      XL: |  1  2 |
---------------+-------+-----
Fighting       | 3 |  3.6
Spellcasting   | 3 |  3.1
Polearms       | |  2.6
Throwing       | |  1.0
Dodging        | |  2.1
Translocations | |  2.6

Action                   || total
-------------------------++-------
Melee: Spear             ||   115
Throw: Boomerang         ||     5
  Use: Potion            ||     2
       Scroll            ||     1
Armor: Robe              ||    21
Dodge: Dodged            ||    64

Table legend: (Time is in decaauts)
 A = Elapsed time spent in this place.
 B = Non-inter-level travel time spent in this place.
 C = Inter-level travel time spent in this place.
 D = Time resting spent in this place.
 E = Time spent auto-exploring this place.
 F = Levels seen in this place.
 G = Mean time per level.
                   A        B        C        D        E       F      G
               +--------+--------+--------+--------+--------+-----+--------+
         Total |   1468 |   1468 |      0 |    472 |    695 |   3 |  489.3 |
       Dungeon |   1468 |   1468 |      0 |    472 |    695 |   3 |  489.3 |
               +--------+--------+--------+--------+--------+-----+--------+

Top non-repeatable levels by time:
     D:1: 816 daAuts
     D:2: 638 daAuts
     D:3: 12 daAuts
